 Dungeon Crawl Stone Soup version 0.29.0-11-gd7f09526c8 (webtiles) character file.

Game seed: 12409236262598916093

2845 RKaid the Skirmisher (level 9, -3/55 HPs)
             Began as a Deep Elf Hunter on Sept 3, 2022.
             Was an Initiate of Hepliaklqana.
             Slain by a yak (12 damage)
             ... on level 8 of the Dungeon.
             The game lasted 00:15:05 (7942 turns).

RKaid the Skirmisher (Deep Elf Hunter)              Turns: 7942, Time: 00:15:06

Health: -3/55      AC:  6    Str:  8    XL:     9   Next: 46%
Magic:  11/11      EV: 18    Int: 15    God:    Hepliaklqana [......]
Gold:   435        SH:  0    Dex: 24    Spells: 8/8 levels left

rFire   . . .      SeeInvis .   j - +0 arbalest
rCold   . . .      Faith    .   (shield currently unavailable)
rNeg    . . .      Spirit   .   B - +0 leather armour of Panentheism {rElec Will+ rCorr Dex+2}
rPois   .          Reflect  .   o - +1 helmet
rElec   +          Harm     .   (no cloak)
rCorr   +          Rampage  .   (no gloves)
Will    +....                   F - +0 pair of boots
Stlth   ++........              (no amulet)
HPRegen 0.18/turn               (no ring)
MPRegen 0.12/turn               (no ring)

@: no status effects
A: no striking features
a: Renounce Religion


You were on level 8 of the Dungeon.
You worshipped Hepliaklqana.
Hepliaklqana was noncommittal.
You visited 2 branches of the dungeon, and saw 9 of its levels.

You collected 435 gold pieces.

Inventory:

Hand Weapons
 a - a +1 shortbow
 j - a +0 arbalest (weapon)
   (You took it off an orc warrior on level 7 of the Dungeon)
 z - a +2 dagger of venom
   (You took it off an orc on level 7 of the Dungeon)
Missiles
 A - a curare-tipped dart
 G - 2 throwing nets {=f}
Armour
 o - a +1 helmet (worn)
   (You found it on level 2 of the Dungeon)
 B - the +0 leather armour of Panentheism (worn) {rElec Will+ rCorr Dex+2}
   (You found it on level 6 of the Dungeon)

   Dex:       It affects your dexterity (+2).
   rElec:     It insulates you from electricity.
   rCorr:     It protects you from acid and corrosion.
   Will:      It increases your willpower.
 F - a +0 pair of boots (worn)
   (You found it on level 6 of the Dungeon)
Magical Staves
 k - a staff of conjuration {!a}
   (You found it on level 1 of the Dungeon)
 y - a staff of fire {rF+}
   (You found it on level 5 of the Dungeon)
Jewellery
 s - a ring of wizardry {Wiz+}
   (You found it on level 2 of the Dungeon)
Wands
 r - a wand of mindburst (11)
   (You found it on level 6 of the Dungeon)
 H - a wand of polymorph (9)
   (You found it on level 8 of the Dungeon)
Scrolls
 b - a scroll of immolation {!r}
 d - a scroll of fog
 h - 2 scrolls of amnesia
 i - a scroll of identify
 l - 2 scrolls of blinking {!r}
 m - a scroll of brand weapon {unknown}
 q - 3 scrolls of poison {!r}
 t - 3 scrolls of teleportation
 u - 4 scrolls of fear
 x - a scroll of noise {unknown}
 C - a scroll of magic mapping {unknown}
 E - a scroll of enchant weapon
Potions
 c - 3 potions of curing
 e - 5 potions of lignification {!q}
 f - 4 potions of resistance
 g - 2 potions of ambrosia
 n - a potion of cancellation
 p - a potion of mutation {!q!q}
 v - a potion of attraction {unknown}
 w - 4 potions of might
 D - 2 potions of heal wounds {unknown}


   Skills:
 + Level 5.6 Fighting
 * Level 13.1 Ranged Weapons
 + Level 8.2 Dodging
 - Level 1.2 Stealth


You had 8 spell levels left.
You didn't know any spells.
Your spell library contained the following spells:

 Spells                   Type           Power      Damage    Failure   Level
 Ensorcelled Hibernation  Hex/Ice        0%         N/A       52%         2
 Ignite Poison            Fire/Tmut/Pois 0%         N/A       75%         3
 Mephitic Cloud           Conj/Pois/Air  0%         N/A       75%         3
 Spider Form              Tmut/Pois      0%         N/A       75%         3
 Anguish                  Hex/Necr       0%         N/A       98%         4
 Freezing Cloud           Conj/Ice/Air   0%         6-21      100%        5


Dungeon Overview and Level Annotations

Branches:
Dungeon (8/15)             Temple (1/1) D:5
   Lair: D:8-11

Altars:
Ashenzari
Cheibriados
Dithmenos
Elyvilon
Fedhas
Gozag
Hepliaklqana
Kikubaaqudgha
Makhleb
Nemelex Xobeh
Okawaru
Ru
Uskayaw
Vehumet
Wu Jian
Xom
Zin
The Shining One


Message History

You shoot a bolt. The bolt closely misses the bullfrog.
The bullfrog barely misses you. The bullfrog hits you.
You shoot a bolt. The bolt hits the bullfrog!
The bullfrog barely misses you. The bullfrog misses you.
The orc wizard mumbles some strange words.
The orc wizard flickers and vanishes!
Deactivating autopickup; reactivate with Ctrl-A.
You shoot a bolt.
The bolt completely misses the bullfrog.
The bullfrog misses you. The bullfrog barely misses you.
You shoot a bolt. The bolt hits the bullfrog.
You kill the bullfrog!
You hear a shout!
You shoot a bolt. The bolt closely misses the orc.
An orc comes into view. It is wielding a +0 short sword.
Something hits you but does no damage.
You shoot a bolt. Something hits you but does no damage.
You shoot a bolt. The bolt hits the orc!!
You kill the orc!
Something hits you but does no damage. Something closely misses you.
You shoot a bolt.
Reactivating autopickup.
You feel a bit more experienced.
You shoot a bolt. The bolt hits the orc!!
You kill the orc!
You shoot a bolt. The bolt hits the orc!
You kill the orc!
No target in view!
No target in view!
No target in view!
Items here: ))) [[ ††††.
Things that are here:
a +0 club; a +0 flail; an orc corpse You start resting.
Things that are here:
a +0 club; a +0 flail; an orc corpse
H - a wand of polymorph (9)
A yak comes into view.
You shoot a bolt. The bolt hits the yak!!
The yak bellows!
You hear a bellow! x3
You shoot a bolt. The bolt closely misses the yak.
The yak gores you!
A yak comes into view.
You shoot a bolt. The bolt barely misses the yak.
You hear a bellow!
The yak barely misses you.
You hear a bellow!
You shoot a bolt. The bolt hits the yak.
A yak comes into view.
The yak misses you.
You shoot a bolt. The yak bellows!
The bolt hits the yak!!
You kill the yak!
A yak comes into view.
Your Dodging skill increases to level 8!
The yak barely misses you. The yak attacks as you move away! The yak gores you.
You shoot a bolt. The bolt hits the yak!
The yak misses you.
You shoot a bolt. The bolt barely misses the yak.
The yak barely misses you.
You shoot a bolt. The bolt hits the yak!!
You kill the yak!
You shoot a bolt. The bolt hits the yak!!
The yak gores you. The yak closely misses you.
The yak snorts and paws the ground.
You shoot a bolt. The bolt hits the yak!
The yak barely misses you.
You shoot a bolt. The bolt hits the yak!!
You kill the yak!
Your Ranged Weapons skill increases to level 13!
You shoot a bolt. The bolt completely misses the yak.
The yak misses you. x2
You shoot a bolt. The bolt barely misses the yak.
The yak barely misses you.
You shoot a bolt. The bolt barely misses the yak.
The yak gores you!
You shoot a bolt. The bolt hits the yak!
The yak gores you. The yak completely misses you.
You are too injured to fight recklessly!
You are too injured to fight recklessly!
You are too injured to fight recklessly!
You are too injured to fight recklessly!
Fire: j) +0 arbalest
Press: ? - help, Q - select action Shift-Dir - straight line, f/p - yak
Aim: a yak (moderately wounded, 77% to hit)
You shoot a bolt. The bolt barely misses the yak.
The yak completely misses you.
Fire: j) +0 arbalest
Press: ? - help, Q - select action Shift-Dir - straight line, f/p - yak
Aim: a yak (moderately wounded, 77% to hit)
You shoot a bolt. The bolt hits the yak!
The yak gores you.
Fire: j) +0 arbalest
Press: ? - help, Q - select action Shift-Dir - straight line, f/p - yak
Aim: a yak (severely wounded, 77% to hit)
You shoot a bolt. The bolt hits the yak.
The yak gores you!
* * * LOW HITPOINT WARNING * * *
The yak misses you.
Fire: j) +0 arbalest
Press: ? - help, Q - select action Shift-Dir - straight line, f/p - yak
Aim: a yak (severely wounded, 77% to hit)
You shoot a bolt. The bolt barely misses the yak.
The yak gores you!
You die...

####### ~#+#~≈≈ #.....####
~8.8~≈ #.###....# ≈...≈
#.#...#######8.8# ###
#.#.#))..#..#...# .....
#.....##.#.##8.8#
#.#!#########.####.#.##..#
#.........Y@....#...##)#####
#.....######.##......<......
#..##..........######.######
#.# #Y........#........# .
#.################.# #. #.#
.. ..# #.. #.# .?# #.#


You could see a yak.

Vanquished Creatures
  A troll (D:7)
  Prince Ribbit (D:7)
  3 yaks (D:8)
  A water moccasin (D:7)
  2 orc warriors
  2 sky beasts (D:7)
  3 ogres
  2 kobold brigands
  3 bullfrogs
  2 necrophages
  A gnoll sergeant (D:7)
  A scorpion (D:4)
  A howler monkey (D:6)
  A hound (D:6)
  2 jellies
  3 orc priests
  5 iguanas
  6 orc wizards
  6 adders
  5 gnolls (D:7)
  A shadow imp (D:6)
  2 ufetubi
  4 dart slugs
  16 orcs
  9 endoplasms
  3 giant cockroaches (D:1)
  13 goblins
  8 hobgoblins
  2 jackals (D:1)
  3 quokkas
  9 ball pythons
  7 bats
  4 frilled lizards
  11 kobolds
  3 rats (D:3)
146 creatures vanquished.

Vanquished Creatures (others)
  A fungus (D:1)
  3 toadstools (D:1)
4 creatures vanquished.

Grand Total: 150 creatures vanquished

Notes
Turn   | Place    | Note
-------+----------+-------------------------------------------
     0 | D:1      | RKaid the Deep Elf Hunter began the quest for the Orb.
     0 | D:1      | Reached XP level 1. HP: 12/12 MP: 3/3
    77 | D:1      | Reached XP level 2. HP: 10/17 MP: 4/4
   283 | D:1      | Reached skill level 6 in Ranged Weapons
   470 | D:1      | Reached skill level 2 in Fighting
   475 | D:1      | Reached skill level 3 in Dodging
   475 | D:1      | Reached XP level 3. HP: 20/21 MP: 5/5
  1324 | D:2      | Found a faded altar of an unknown god.
  1542 | D:2      | Reached XP level 4. HP: 21/26 MP: 6/6
  2096 | D:3      | Found a shadowy altar of Dithmenos.
  2108 | D:3      | Noticed a necrophage
  2117 | D:3      | Killed a necrophage
  2118 | D:3      | Reached skill level 7 in Ranged Weapons
  2118 | D:3      | Reached XP level 5. HP: 26/31 MP: 7/7
  2511 | D:4      | Reached skill level 4 in Dodging
  2925 | D:4      | Reached XP level 6. HP: 36/36 MP: 8/8
  2931 | D:4      | Reached skill level 3 in Fighting
  3248 | D:4      | Found an iron altar of Okawaru.
  3301 | D:4      | Reached skill level 8 in Ranged Weapons
  3611 | D:5      | Entered Level 5 of the Dungeon
  3709 | D:5      | HP: 7/37 [ogre/+0 giant club (30)]
  4071 | D:5      | Reached skill level 5 in Dodging
  4071 | D:5      | Reached XP level 7. HP: 32/41 MP: 9/9
  4157 | D:5      | Found a broken altar of Ashenzari.
  4404 | D:5      | Reached skill level 9 in Ranged Weapons
  4901 | D:5      | Found a staircase to the Ecumenical Temple.
  4910 | Temple   | Entered the Ecumenical Temple
  4918 | Temple   | Became a worshipper of Hepliaklqana the Forgotten
  5466 | D:6      | Identified the +0 leather armour of Panentheism {rElec
                  | Will+ rCorr Dex+2}
  5549 | D:6      | Reached skill level 4 in Fighting
  5549 | D:6      | Reached skill level 10 in Ranged Weapons
  5673 | D:6      | Reached skill level 6 in Dodging
  5673 | D:6      | Reached XP level 8. HP: 40/48 MP: 10/10
  6223 | D:7      | Found a white marble altar of Elyvilon.
  6226 | D:7      | Noticed Prince Ribbit
  6257 | D:7      | Killed Prince Ribbit
  6471 | D:7      | Reached skill level 11 in Ranged Weapons
  6677 | D:7      | Noticed a troll
  6689 | D:7      | Killed a troll
  6690 | D:7      | Reached skill level 7 in Dodging
  6702 | D:7      | Reached skill level 5 in Fighting
  7166 | D:7      | Reached skill level 12 in Ranged Weapons
  7166 | D:7      | Reached XP level 9. HP: 43/54 MP: 11/11
  7921 | D:8      | Reached skill level 8 in Dodging
  7932 | D:8      | Reached skill level 13 in Ranged Weapons
  7941 | D:8      | HP: 9/55 [yak (14)]
  7942 | D:8      | Slain by a yak

Illustrated notes

Levels and vault maps discovered:
D:1:      giann_forest_graveyard, layout_rooms, chequers_mini_garden,
          minmay_gold_behind_fungi, nrook_mini_vaults, grunt_decor_junction,
          chequers_serial_rivers_room_b, amcnicky_mini_pool_small
D:2:      layout_loops_cross, basic_ecumenical_altar,
          chequers_serial_rivers_micro_b, eino_tiny_chamber,
          kennysheep_generic_room_11
D:3:      layout_basic, nicolae_dithmenos_shadow_blocks
D:4:      layout_cave_pools, kennysheep_mini_moat, minmay_misc_feat_roman,
          kennysheep_generic_room_8
D:5:      layout_basic, mainiacjoe_overflow_catwalk,
          minmay_temple_entry_poolview
D:6:      layout_basic, minmay_misc_feat_encased, nicolae_eternal_life
D:7:      layout_rooms, elyvilon_altar_4, uniq_prince_ribbit1
D:8:      layout_loops_ring, kennysheep_orc_sif_temple
Temple:   nicolae_temple_two_arcs

Skill      XL: |  1  2  3  4  5  6  7  8  9 |
---------------+----------------------------+-----
Ranged Weapons | 6 7 8 10 12 13 | 13.1
Fighting       | 2 3 4 5 |  5.6
Dodging        | 3 4 5 6 7 8 |  8.2
Stealth        | |  1.2

Action                   |  1- 3 |  4- 6 |  7- 9 || total
-------------------------+-------+-------+-------++-------
Melee: Shortbow          |       |     1 |       ||     1
 Fire: Shortbow          |   115 |   114 |   211 ||   440
       Arbalest          |       |       |    59 ||    59
Evoke: Wand              |       |       |     1 ||     1
  Use: Scroll            |       |     7 |     8 ||    15
Armor: Leather armour    |    14 |    17 |    31 ||    62
Dodge: Dodged            |    33 |    32 |   118 ||   183

Table legend: (Time is in decaauts)
 A = Elapsed time spent in this place.
 B = Non-inter-level travel time spent in this place.
 C = Inter-level travel time spent in this place.
 D = Time resting spent in this place.
 E = Time spent auto-exploring this place.
 F = Levels seen in this place.
 G = Mean time per level.
                   A        B        C        D        E       F      G
               +--------+--------+--------+--------+--------+-----+--------+
         Total |   8026 |   7725 |    301 |   2552 |   4069 |   9 |  891.8 |
       Dungeon |   7905 |   7604 |    301 |   2552 |   3980 |   8 |  988.1 |
        Temple |    120 |    120 |      0 |      0 |     89 |   1 |  120.0 |
               +--------+--------+--------+--------+--------+-----+--------+

Top non-repeatable levels by time:
     D:6: 1354 daAuts
     D:5: 1330 daAuts
     D:7: 1321 daAuts
     D:3: 961 daAuts
     D:4: 943 daAuts
     D:2: 935 daAuts
     D:1: 822 daAuts
     D:8: 236 daAuts
  Temple: 120 daAuts

Table legend:
 A = Kills in this place as a percentage of kills in entire the game.
 B = Kills by you in this place as a percentage of kills by you in the entire game.
 C = Kills by friends in this place as a percentage of kills by friends in the entire game.
 D = Other kills in this place as a percentage of other kills in the entire game.
 E = Experience gained in this place as a percentage of experience gained in the entire game.
 F = Experience gained in this place divided by the number of levels of this place that you have seen.
                   A       B       C       D       E      F
               +-------+-------+-------+-------+-------+----------------------
         Total | 100.0 | 100.0 |   N/A |   N/A | 100.0 | 451.7
       Dungeon | 100.0 | 100.0 |   N/A |   N/A | 100.0 | 508.1
               +-------+-------+-------+-------+-------+----------------------
